 Dungeon Crawl Stone Soup version 0.25-a0-404-gc1b5a34 (webtiles) character file.

Game seed: 384808987151597198, levelgen mode: deterministic

107 Anno the Ruffian (level 5, -2/37 HPs)
             Began as a Formicid Transmuter on Jan 11, 2020.
             Was an Initiate of Ru.
             Slain by a centaur (8 damage)
             ... on level 3 of the Dungeon.
             The game lasted 00:14:39 (2495 turns).

Anno the Ruffian (Formicid Transmuter)              Turns: 2495, Time: 00:14:39

Health: -2/37      AC:  3    Str: 12 (15) XL:     5   Next: 10%
Magic:  0/8        EV: 12    Int: 13      God:    Ru [......]
Gold:   194        SH:  0    Dex: 10 (11) Spells: 2/8 levels left

rFire    . . .     SeeInvis +     - Unarmed
rCold    . . .     Gourm    .   (no shield)
rNeg     . . .     Faith    .   b - +0 robe
rPois    .         Spirit   .   (helmet unavailable)
rElec    .         Reflect  .   e - +0 cloak
rCorr    .         Harm     .   (no gloves)
MR       .....                  (boots currently unavailable)
Stlth    +.........             (no amulet)
HPRegen  0.12/turn              (no ring)
MPRegen  0.11/turn              (no ring)

@: appendage, very slightly contaminated
A: permanent stasis, dig shafts and tunnels, four strong arms, antennae 3,
talons 3
a: Dig, Shaft Self, End Transformation, Renounce Religion


You were on level 3 of the Dungeon.
You worshipped Ru.
Ru was noncommittal.
You were very hungry.
You had grown temporary talons.
You visited 1 branch of the dungeon, and saw 3 of its levels.

You collected 194 gold pieces.

Inventory:

Missiles
 a - 47 arrows
 k - 80 stones (quivered)
Armour
 b - a +0 robe (worn)
 e - a +0 cloak (worn)
 i - a +0 pair of boots
 m - a +0 leather armour
Scrolls
 c - 2 scrolls of teleportation {unknown}
 f - 2 scrolls of enchant armour {unknown}
 g - 6 scrolls of identify {unknown}
 h - a scroll of amnesia {unknown}
 l - 4 scrolls of remove curse {unknown}
 n - a scroll of enchant weapon {unknown}
 r - a scroll of random uselessness {unknown}
Potions
 j - a potion of flight
 o - a potion of agility {unknown}
 p - a potion of heal wounds
Comestibles
 d - 5 rations


   Skills:
 - Level 1.1 Fighting
 - Level 1.7 Dodging
 * Level 4.7 Unarmed Combat
 - Level 2.1 Spellcasting
 * Level 3.3 Transmutations
 - Level 1.0 Poison Magic


You had 2 spell levels left.
You knew the following spells:

 Your Spells              Type           Power        Failure   Level  Hunger
a - Beastly Appendage     Tmut           ##....       6%          1    ##.....
b - Sticks to Snakes      Tmut           ##......     10%         2    ###....
c - Spider Form           Tmut/Pois      #.........   30%         3    ####...

Your spell library contained the following spells:

 Spells                   Type           Power        Failure   Level  Hunger
 Corona                   Hex            #......      26%         1    ##.....
 Ensorcelled Hibernation  Hex/Ice        #.....       36%         2    ###....
 Confusing Touch          Hex            #.......     58%         3    ####...
 Dazzling Flash           Conj/Hex       #.....       58%         3    ####...
 Tukima's Dance           Hex            #.......     58%         3    ####...
 Ice Form                 Ice/Tmut       #.......     77%         4    #####..
 Blade Hands              Tmut           ##........   86%         5    ######.


Dungeon Overview and Level Annotations

Branches:
Dungeon (3/15)

Altars:
Ru

Annotations:
D:1 exclusion: sensed monster (detected)
D:3 exclusion: ogre


Innate Abilities, Weirdness & Mutations

You cannot be hasted, slowed, berserked, paralysed or teleported.
You can dig through walls and to a lower floor.
Your four strong arms can wield two-handed weapons with a shield.
You have a pair of large antennae on your head. (SInv)
You have claws for feet.


Message History

The centaur closely misses you. The centaur hits you.
You hit the centaur.
The centaur is lightly wounded.
The centaur hits you!
Casting: Spider Form (safe; 30% risk of failure)
Confirm with . or Enter, or press ? or * to list all spells.
Your feet morph into talons.
The centaur hits you.
You hit the centaur.
The centaur is moderately wounded.
The centaur hits you!
* * * LOW HITPOINT WARNING * * *
The centaur hits you but does no damage.
You hit the centaur.
The centaur is heavily wounded.
The centaur closely misses you.
You hit the centaur.
The centaur is severely wounded.
The centaur hits you but does no damage.
The centaur hits you!
You die...

.......######8..#..'..##
#.........####..####...#
..........#..#'##..#...#
.##...#...#........#..##
.##...##.##........#..#
.#######.##..####..'..#
.#######.#####.#####..#
.#...........#.##(#####.
.#.....#........@##...c.
##.........#####(c......
#.....#...# #.##!....
......#...# #.# #...
#####....)# #.# #.
###.#.#####.#
#.........# ######.##.##
#. ###.#...###....


You could see a centaur.

Vanquished Creatures
  3 gnolls
  2 adders
  An ooze (D:3)
  A worm (D:2)
  A leopard gecko (D:2)
  4 giant cockroaches
  3 goblins (D:2)
  4 hobgoblins
  2 jackals (D:2)
  5 bats
  6 frilled lizards
  7 kobolds
  4 rats
43 creatures vanquished.

Vanquished Creatures (collateral kills)
  2 adders (D:2)
  A kobold (D:2)
  A frilled lizard (D:3)
4 creatures vanquished.

Grand Total: 47 creatures vanquished

Notes
Turn   | Place    | Note
-------+----------+-------------------------------------------
     0 | D:1      | Anno the Formicid Transmuter began the quest for the Orb.
     0 | D:1      | Reached XP level 1. HP: 15/15 MP: 3/3
   705 | D:1      | Reached XP level 2. HP: 21/21 MP: 5/5
   709 | D:1      | Learned a level 2 spell: Sticks to Snakes
  1156 | D:2      | Reached XP level 3. HP: 21/26 MP: 2/6
  1161 | D:2      | Learned a level 3 spell: Spider Form
  1176 | D:2      | Reached skill level 4 in Unarmed Combat
  1616 | D:2      | Reached XP level 4. HP: 26/32 MP: 5/7
  2031 | D:2      | Found a sacrificial altar of Ru.
  2120 | D:2      | Became a worshipper of Ru the Awakened
  2283 | D:3      | Reached skill level 1 in Poison Magic
  2293 | D:3      | Noticed an ogre
  2388 | D:3      | Reached XP level 5. HP: 35/37 MP: 6/8
  2479 | D:3      | Noticed a centaur
  2495 | D:3      | Slain by a centaur

Levels and vault maps discovered:
D:1:      minmay_arrival_wavy_path, layout_loops_corners,
          wander_ebering_terrifying_dragon_lair
D:2:      layout_basic, minmay_tree_intersection, nrook_mini_vaults,
          minivault_4, hangedman_ru_absence
D:3:      minmay_chambers_of_twos, layout_loops_cross,
          nicolae_gozag_seed_capital, first_ration, minmay_fountain_box,
          uniq_jessica, uniq_ijyb

Skill      XL: |  1  2  3  4 |
---------------+-------------+-----
Unarmed Combat | 4 |  4.7
Transmutations | 3 |  3.3
Poison Magic   | 1 |  1.0
Fighting       | |  1.1
Dodging        | |  1.7
Spellcasting   | |  2.1

Action                   |  1- 3 |  4- 6 || total
-------------------------+-------+-------++-------
Melee: Unarmed           |    90 |    82 ||   172
       Kick              |    12 |    10 ||    22
 Cast: Beastly Appendage |    14 |    14 ||    28
       Sticks to Snakes  |     3 |     2 ||     5
       Spider Form       |     1 |     3 ||     4
 Abil: Dig               |     5 |     1 ||     6
  Use: Potion            |     3 |     1 ||     4
  Eat: Chunk             |     3 |     3 ||     6
Armor: Robe              |    21 |    21 ||    42
Dodge: Dodged            |    65 |    49 ||   114

Table legend:
 A = Non-vault XP
 B = Vault XP
 C = Vault XP percentage of total XP
 D = Non-vault monster count
 E = Vault monster count
 F = Vault count percentage of total count
                 A         B        C        D         E       F
            +---------+---------+-------+---------+---------+-------
      Total |     129 |      24 |  15.7 |      40 |       7 |  14.9
            +---------+---------+-------+---------+---------+-------
        D:1 |      26 |       0 |   0.0 |       9 |       0 |   0.0
        D:2 |      95 |       0 |   0.0 |      25 |       0 |   0.0
        D:3 |       8 |      24 |  75.0 |       6 |       7 |  53.8
            +---------+---------+-------+---------+---------+-------
